 Dungeon Sprint DCSS version 0.29-a0-613-gf2c431b9b9 (webtiles) character file.

Game seed: 17386912375099983000

3 mhtbhm the Caller (level 1, 0/15 HPs)
             Began as a Tengu Summoner on June 16, 2022.
             Slain by a human (1 damage)
             ... in the Dungeon (Sprint III: "The Ten Rune Challenge").
             The game lasted 00:00:29 (284 turns).

mhtbhm the Caller (Tengu Summoner)                   Turns: 284, Time: 00:00:30

Health: 0/15       AC:  3    Str:  8    XL:     1   Next: 50%
Magic:  2/4        EV: 12    Int: 15    God:
Gold:   8          SH:  0    Dex: 14    Spells: 3/4 levels left

rFire   . . .      SeeInvis .   (no weapon)
rCold   . . .      Faith    .   (no shield)
rNeg    . . .      Spirit   .   a - +0 robe
rPois   .          Reflect  .   (helmet restricted)
rElec   .          Harm     .   h - +0 cloak
rCorr   .          Rampage  .   (no gloves)
Will    .....      NoTele   +   (boots unavailable)
Stlth   ..........              (no amulet)
HPRegen 0.05/turn               (no ring)
MPRegen 0.09/turn               (no ring)

@: berserking, very quick
A: beak, talons 3
a: no special abilities


You were in the Dungeon.
You visited 1 branch You collected 8 gold pieces.

Inventory:

Armour
 a - a +0 robe (worn)
 h - a +0 cloak (worn)
Scrolls
 g - a scroll of blinking
Potions
 b - 3 potions of magic
 d - a potion of heal wounds
 e - a potion of haste


   Skills:
 + Level 2.3 Dodging
 + Level 2.1 Stealth
 + Level 2.1 Spellcasting
 + Level 5.8 Summonings


You had 3 spell levels left.
You knew the following spells:

 Your Spells              Type           Power      Damage    Failure   Level
a - Summon Small Mammal   Summ           76%        N/A       1%          1

Your spell library contained the following spells:

 Spells                   Type           Power      Damage    Failure   Level
 Call Imp                 Summ           19%        N/A       3%          2
 Call Canine Familiar     Summ           19%        N/A       6%          3
 Summon Guardian Golem    Hex/Summ       10%        N/A       21%         3
 Summon Lightning Spire   Summ/Air       10%        N/A       54%         4


Dungeon Overview and Level Annotations

Branches:
Dungeon (1/1)

Altars:


Innate Abilities, Weirdness & Mutations

You have a beak for a mouth.
You have claws for feet.


Message History

Confirm with . or Enter, or press ? or * to list all spells.
Casting: Summon Small Mammal (safe; 1% risk of failure)
Confirm with . or Enter, or press ? or * to list all spells.
Unknown command.
Your bat barely misses the human.
Your quokka closely misses the human.
Your bat misses the human.
Your quokka completely misses the human.
Your quokka bites the human but does no damage.
Unknown command.
The human attacks as you move away! The human hits you.
Ouch! That really hurt!
Your bat barely misses the human.
Casting: Summon Small Mammal (safe; 1% risk of failure)
Confirm with . or Enter, or press ? or * to list all spells.
Your quokka disappears in a puff of smoke!
Your bat closely misses the human.
The human misses you.
Unknown command.
Your bat barely misses the human.
You feel better.
Your quokka closely misses the human.
The human hits you.
Unknown command.
A red film seems to cover your vision as you go berserk!
You feel yourself moving faster!
You feel mighty!
Your bat barely misses the human.
Your quokka barely misses the human.
The human hits you!
Ouch! That really hurt!
* * * LOW HITPOINT WARNING * * *
You punch the human! Your kick misses the human.
The human is moderately wounded.
Your quokka bites the human.
You closely miss the human.
The human is heavily wounded.
Your bat hits the human but does no damage.
The human hits you but does no damage.
Your quokka barely misses the human.
You closely miss the human.
The human is heavily wounded.
Your bat hits the human but does no damage.
You completely miss the human. You claw the human.
The human is heavily wounded.
Your bat barely misses the human.
The human hits you.
You die...

▓.....#
▓.....#...≈≈♣.♣♣
▓.....#..≈≈≈≈♣.♣
▓####'#..≈≈≈≈≈≈♣♣
▓....†#.≈≈≈≈≈≈...
▓.....#.≈≈≈≈≈....
▓.....#.≈≈≈......
▓'#####r.........
▓....@pb.........
▓▓▓▓▓▓▓▓▓▓▓▓▓▓▓▓▓


You could see a human (ally target), a friendly quokka (summoned) and a friendly
bat (summoned).

Vanquished Creatures
  An endoplasm (D)
  A rat (D)
2 creatures vanquished.

Vanquished Creatures (collateral kills)
  2 rats (D)
2 creatures vanquished.

Grand Total: 4 creatures vanquished

Notes
Turn   | Place    | Note
-------+----------+-------------------------------------------
     0 | D        | mhtbhm the Tengu Summoner began the quest for the Orb.
     0 | D        | Reached XP level 1. HP: 10/10 MP: 4/4
     6 | D        | Reached skill level 5 in Summonings
   284 | D        | Slain by a human

Illustrated notes

Levels and vault maps discovered:
D:        dungeon_sprint_mu [sprint_mu_entry_forest, sprint_mu_temple_rooms,
          sprint_mu_d1_horrors, sprint_mu_d2_genie, sprint_mu_d3_branching,
          sprint_mu_orc_legion, sprint_mu_elf_gauntlet, sprint_mu_hive_nellie,
          sprint_mu_lair_fedhas, sprint_mu_vaults_butterflies,
          sprint_mu_slime_circle, sprint_mu_swamp_cave, sprint_mu_shoals_archi,
          sprint_mu_blade_basic, sprint_mu_crypt_fortress,
          sprint_mu_tomb_spiral, sprint_mu_vestibule_basic,
          sprint_mu_gehenna_hellfire, sprint_mu_dis_giant,
          sprint_mu_tartarus_statrot, sprint_mu_cocytus_islands, sprint_mu_zot1]

Skill      XL: |  1 |
---------------+----+-----
Summonings     | 5 |  5.8
Dodging        | |  2.3
Stealth        | |  2.1
Spellcasting   | |  2.1

Action                   || total
-------------------------++-------
Melee: Unarmed           ||     7
       Kick              ||     2
       Peck              ||     2
 Cast: Summon Small Mamm ||     7
  Use: Potion            ||     2
Armor: Robe              ||     1
Dodge: Dodged            ||     4

Table legend: (Time is in decaauts)
 A = Elapsed time spent in this place.
 B = Non-inter-level travel time spent in this place.
 C = Inter-level travel time spent in this place.
 D = Time resting spent in this place.
 E = Time spent auto-exploring this place.
 F = Levels seen in this place.
 G = Mean time per level.
                   A        B        C        D        E       F      G
               +--------+--------+--------+--------+--------+-----+--------+
         Total |    282 |    282 |      0 |    228 |      0 |   1 |  282.0 |
       Dungeon |    282 |    282 |      0 |    228 |      0 |   1 |  282.0 |
               +--------+--------+--------+--------+--------+-----+--------+

Top non-repeatable levels by time:
       D: 282 daAuts
